 Dungeon Crawl Stone Soup version 0.31-a0-202-g547052bce9 (webtiles) character file.

Game seed: 12158903319464955417

116 qw the Skirmisher (level 4, -1/25 HPs)
             Began as a Deep Elf Hunter on June 26, 2023.
             Slain by a cerulean imp
             ... wielding a +3 spear
             ... summoned by Natasha
              (5 damage)
             ... on level 2 of the Dungeon.
             The game lasted 00:00:24 (1252 turns).

qw the Skirmisher (Deep Elf Hunter)                 Turns: 1252, Time: 00:00:25

Health: -1/25      AC:  3    Str: 10    XL:     4   Next: 69%
Magic:  6/6        EV: 12    Int: 14    God:
Gold:   75         SH:  0    Dex: 18    Spells: 3/3 levels left

rFire   . . .        Y - +0 shortbow
rCold   . . .        (shield currently unavailable)
rNeg    . . .        c - +0 leather armour
rPois   .            (no helmet)
rElec   .            (no cloak)
rCorr   .            (no gloves)
SInv    .            (no boots)
Will    .....        (no amulet)
Stlth   ++           (no ring)
HPRegen 0.24/turn    (no ring)
MPRegen 0.10/turn

%: no passive effects
@: no status effects
A: no striking features
a: no special abilities


You were on level 2 of the Dungeon.
You visited 1 branch of the dungeon, and saw 2 of its levels.

You collected 75 gold pieces.


   Skills:
 - Level 1.5 Fighting
 + Level 8.1 Ranged Weapons
 - Level 2.4 Dodging
 - Level 1.2 Stealth


You had 3 spell levels left.
You didn't know any spells.
Your spell library was empty.

Inventory:

Hand Weapons
 Y - a +0 shortbow (weapon)
Armour
 c - a +0 leather armour (worn)
Potions
 a - a potion of berserk rage {unknown}
 b - a potion of magic {unknown}
 g - a potion of curing
 h - a potion of resistance {unknown}
 k - a potion of haste {unknown}

Dungeon Overview and Level Annotations

Branches:
Dungeon (2/15)

Altars:

Annotations:
D:2 Natasha, Terence


Message History

The adder hisses angrily.
The arrow hits the adder.
The adder is moderately wounded.
You shoot an arrow. The arrow hits the adder!
You kill the adder!
You shoot an arrow. The arrow hits Terence.
Terence is moderately wounded.
Natasha, Servant of Life and Death comes into view.
You shoot an arrow.
Natasha hisses angrily.
The arrow hits Terence.
Terence is moderately wounded.
You shoot an arrow. The arrow hits Terence!
Terence is severely wounded.
Natasha casts a spell at you. The magic dart hits you!
You shoot an arrow. The arrow hits Terence.
Terence is almost dead.
Terence closely misses you.
You shoot an arrow.
The arrow hits Terence but does no damage.
Terence is almost dead.
Terence drinks a potion.
Terence is healed!
Natasha casts a spell.
You shoot an arrow.
The arrow hits Terence but does no damage.
Terence is heavily wounded.
Terence closely misses you. The cerulean imp closely misses you.
You shoot an arrow.
The arrow hits Terence but does no damage.
Terence is heavily wounded.
Terence closely misses you.
The cerulean imp hits you from afar with a +3 spear.
You shoot an arrow. The arrow closely misses Terence.
The arrow hits the cerulean imp.
The cerulean imp is lightly wounded.
Terence bares his teeth.
Terence hits you with a +0 short sword!
The cerulean imp hits you from afar with a +3 spear.
You die...

..........#...# #.
#######7.7....# ...
#.#..### ## #.# 7.7..#
#.. #..## #....# ...
#...## ##.##.### ..
#..### #..##....
###.#h###...###7.7#####.
.....5@@.....7.....7....
.##.#..####.#...%...####
...#. #.7.......7


PPP7 P. #.........# 7 P.. ##7....%..7# 77P. #........# ... #7.....7.# .#.
##7.7...# ####.## You could see Terence, Natasha and a cerulean imp (summoned).

Vanquished Creatures
  Jessica (D:1)
  Natasha (twice) (D:2)
  2 adders (D:2)
  2 bats (D:2)
  4 endoplasms
  A giant cockroach (D:2)
  2 goblins
  2 hobgoblins (D:1)
  3 ball pythons
  2 frilled lizards
  A kobold (D:1)
  3 rats
25 creatures vanquished.

Notes
Turn   | Place    | Note
-------+----------+-------------------------------------------
     0 | D:1      | qw the Deep Elf Hunter began the quest for the Orb.
     0 | D:1      | Reached XP level 1. HP: 12/12 MP: 3/3
     0 | D:1      | 0 ||| qw: Version: 0.3-a-22-g0ed2b0b
     0 | D:1      | 0 ||| qw: Game counter: 5938
     0 | D:1      | 0 ||| qw: Melee chars always use a shield: true
     0 | D:1      | 0 ||| qw: God list: Okawaru
     0 | D:1      | 0 ||| qw: Allow faded altars: false
     0 | D:1      | 0 ||| qw: Do Orc after clearing Dungeon:15 true
     0 | D:1      | 0 ||| qw: Do second Lair branch before Depths: true
     0 | D:1      | 0 ||| qw: Lair rune preference: random
     0 | D:1      | 0 ||| qw: Goals: Normal
     0 | D:1      | 0 ||| PLANNING D:1-11
   435 | D:1      | Reached XP level 2. HP: 13/16 MP: 4/4
   439 | D:1      | Reached skill level 6 in Ranged Weapons
   439 | D:1      | 439 ||| FLEEEEING.
   442 | D:1      | 442 ||| FLEEEEING.
   443 | D:1      | 443 ||| FLEEEEING.
   444 | D:1      | 444 ||| FLEEEEING.
   445 | D:1      | 445 ||| FLEEEEING.
   446 | D:1      | 446 ||| FLEEEEING.
   447 | D:1      | 447 ||| FLEEEEING.
   448 | D:1      | 448 ||| FLEEEEING.
   818 | D:1      | 818 ||| DROPPING ring of flight.
   819 | D:1      | 819 ||| READING scroll labelled GATEWU GUAPP.
   848 | D:1      | 848 ||| READING scroll labelled TOOSYL PUBO.
   849 | D:1      | 849 ||| READING scroll labelled YTAC IKHLIERRO.
   850 | D:1      | 850 ||| READING scroll labelled SUSICW ZEAJEMP.
   851 | D:1      | 851 ||| DROPPING scroll of butterflies.
   865 | D:2      | Noticed Jessica
   873 | D:2      | 873 ||| STAIRDANCE
   876 | D:2      | 876 ||| STAIRDANCE
   878 | D:1      | Killed Jessica
   879 | D:1      | Reached XP level 3. HP: 9/20 MP: 5/5
   951 | D:2      | Reached skill level 7 in Ranged Weapons
   956 | D:2      | Noticed Natasha
   964 | D:2      | Killed Natasha
   965 | D:2      | Reached XP level 4. HP: 19/25 MP: 6/6
  1045 | D:2      | Noticed Natasha
  1059 | D:2      | Killed Natasha
  1191 | D:2      | Reached skill level 8 in Ranged Weapons
  1241 | D:2      | Noticed Terence
  1245 | D:2      | Noticed Natasha
  1252 | D:2      | HP: 4/25 [Terence/+0 short sword (8)]
  1252 | D:2      | Slain by a cerulean imp

Levels and vault maps discovered:
D:1:      lightli_arrival_flooded_house, layout_loops_ring, nrook_campfire,
          amcnicky_mini_rare_corridor_liquid, hangedman_decor_push
D:2:      layout_rooms, serial_forest, infiniplex_forest_clump_long,
          infiniplex_forest_zigzag_1, infiniplex_forest_clump_long,
          infiniplex_forest_lined_3, infiniplex_forest_lined_ring,
          infiniplex_forest_end_3, infiniplex_forest_join,
          hellmonk_ecumenical_altar_leap_of_faith, minmay_misc_feat_rows,
          uniq_natasha, uniq_terence, uniq_jessica

Skill      XL: |  1  2  3  4 |
---------------+-------------+-----
Ranged Weapons | 6 7 8 |  8.1
Fighting       | |  1.5
Dodging        | |  2.4
Stealth        | |  1.2

Action                     |  1- 3 |  4- 6 || total
---------------------------+-------+-------++-------
   Fire: Shortbow          |    53 |    32 ||    85
    Use: Scroll            |     4 |       ||     4
 Armour: Leather armour    |     4 |     2 ||     6
  Dodge: Dodged            |    12 |     6 ||    18

Table legend:
 A = Non-vault XP
 B = Vault XP
 C = Vault XP percentage of total XP
 D = Non-vault monster count
 E = Vault monster count
 F = Vault count percentage of total count
                 A         B        C        D         E       F
            +---------+---------+-------+---------+---------+-------
      Total |      94 |      72 |  43.4 |      23 |       2 |   8.0
            +---------+---------+-------+---------+---------+-------
        D:1 |      15 |      37 |  71.2 |      10 |       1 |   9.1
        D:2 |      79 |      35 |  30.7 |      13 |       1 |   7.1
            +---------+---------+-------+---------+---------+-------
